 Dungeon Crawl Stone Soup version 0.22-a0-580-gd5db89c (webtiles) character file.

13861 sking99 the Severer (level 11, -5/102 HPs)
             Began as a Minotaur Fighter on July 3, 2018.
             Was an Initiate of Gozag.
             Slain by Rupert
             ... wielding a +1 executioner's axe of flaming
              (26 damage)
             ... while paralysed by Rupert
             ... on level 3 of the Lair of Beasts.
             The game lasted 00:21:36 (14426 turns).

sking99 the Severer (Minotaur Fighter)             Turns: 14426, Time: 00:21:37

Health: -5/102     AC: 16    Str: 25    XL:     11   Next: 81%
Magic:  10/10      EV:  2    Int:  5    God:    Gozag
Gold:   1722       SH:  0    Dex: 19    Spells: 10/10 levels left

rFire    . . .     SeeInvis .   a - +1 war axe
rCold    . . .     Gourm    .   c - +0 shield
rNeg     . . .     Faith    .   m - +0 plate armour
rPois    .         Spirit   .   (helmet restricted)
rElec    .         Reflect  .   (no cloak)
rCorr    .         Harm     .   (no gloves)
MR       .....                  z - +1 pair of boots
Stlth    ..........             (no amulet)
HPRegen  0.27/turn              v - +2 ring of dexterity
MPRegen  0.12/turn              h - +3 ring of strength

@: paralysed, agile, hasted
A: retaliatory headbutt, horns 2
a: Potion Petition, Call Merchant, Bribe Branch, Renounce Religion


You were on level 3 of the Lair of Beasts.
You worshipped Gozag.
Gozag was most pleased with you.
You were not hungry.

You visited 2 branches of the dungeon, and saw 14 of its levels.

You collected 2389 gold pieces.
You spent 130 gold pieces at shops.
You paid 537 gold pieces to Gozag.

Inventory:

Hand Weapons
 a - a +1 war axe (weapon)
 b - the +8 rapier "Gosmunoa" {flame, MR- Int+7 SInv Stlth+}
   (You found it on level 4 of the Dungeon)

   It has been specially enchanted to burn those struck by it, causing extra
   injury to most foes and up to half again as much damage against particularly
   susceptible opponents.
   It affects your intelligence (+7).
   It affects your resistance to hostile enchantments.
   It lets you see invisible.
   It makes you more stealthy.
Armour
 c - a +0 shield (worn)
 m - a +0 plate armour (worn)
 z - a +1 pair of boots (worn)
Jewellery
 h - a +3 ring of strength (right hand)
 k - an uncursed ring of protection from magic
 u - an uncursed ring of flight
 v - a +2 ring of dexterity (left hand)
 y - an uncursed ring of wizardry
 D - an uncursed ring of magical power
 E - an uncursed ring of resist corrosion
 I - an uncursed ring of positive energy
Wands
 i - a wand of paralysis (13)
Scrolls
 j - 8 scrolls of teleportation
 s - 2 scrolls of immolation
 w - 3 scrolls of amnesia
 F - a scroll of fear
 G - a scroll of remove curse
 H - 2 scrolls of blinking
 K - a scroll of enchant weapon
 L - a scroll of magic mapping {unknown}
Potions
 d - a potion of cancellation
 e - 2 potions of agility
 g - 4 potions of haste
 l - 5 potions of curing
 n - a potion of mutation {unknown}
 o - 2 potions of flight
 p - a potion of brilliance
 q - 3 potions of heal wounds {unknown}
 t - 2 potions of magic
 x - 2 potions of resistance
 A - a potion of might
 B - a potion of ambrosia {unknown}
 C - a potion of degeneration {unknown}
 J - a potion of lignification {unknown}
Comestibles
 f - 19 rations


   Skills:
 - Level 11.2 Fighting
 - Level 16.0 Axes
 + Level 8.9 Armour
 + Level 7.3 Dodging
 - Level 3.6 Shields


You had 10 spell levels left.
You didn't know any spells.
Your spell library contained the following spells:

 Spells                   Type           Power        Failure   Level  Hunger
 Magic Dart               Conj           #...         100%        1    ##.....
 Conjure Flame            Conj/Fire      #.......     100%        3    ####...
 Slow                     Hex            #.......     100%        2    ###....
 Mephitic Cloud           Conj/Pois/Air  #.......     100%        3    ####...
 Teleport Other           Tloc           #.......     100%        3    ####...
 Blink                    Tloc           N/A          100%        2    ###....
 Call Imp                 Summ           #.......     100%        2    ###....
 Spider Form              Tmut/Pois      #.........   100%        3    ####...
 Blade Hands              Tmut           #.........   100%        5    ######.
 Ice Form                 Ice/Tmut       #.......     100%        4    #####..
 Sticks to Snakes         Tmut           #.......     100%        2    ###....
 Passage of Golubria      Tloc           N/A          100%        4    #####..
 Shroud of Golubria       Chrm/Tloc      #.........   100%        2    ###....
 Beastly Appendage        Tmut           #.....       100%        1    ##.....
 Gell's Gravitas          Tloc           #.........   100%        3    ####...
 Lesser Beckoning         Tloc           #.........   100%        3    ####...


Dungeon Overview and Level Annotations

Branches:
Dungeon (11/15)            Temple (0/1) D:5            Lair (3/6) D:8
 Spider (0/4) Lair:2
  Swamp: Lair:2-4    Shoals: Lair:2-4       Orc: D:9-12

Altars:
Cheibriados
Dithmenos
Gozag
Hepliaklqana
Kikubaaqudgha
Nemelex Xobeh
Vehumet

Shops:
D:4 ((%!   D:8 =

Annotations:
D:5 2 runed doors, wellist's ghost, novice HOFi
Lair:1 1 runed door, Gomp's ghost, journeyman OpFi
Lair:2 Sonja
Lair:3 Rupert


Innate Abilities, Weirdness & Mutations

You reflexively headbutt those who attack you in melee.
You have a pair of horns on your head.


Message History

Rupert is moderately wounded.
You hit Rupert.
Rupert is moderately wounded.
Rupert yells loudly at you.
You suddenly lose the ability to move!
Rupert hits you with an executioner's axe of flaming!
Rupert burns you.
Rupert hits you with an executioner's axe of flaming!
Rupert burns you.
Rupert roars madly and goes into a rage!
Rupert goes berserk!
Rupert hits you with an executioner's axe of flaming!!
Rupert burns you.
Rupert hits you with an executioner's axe of flaming!
* * * LOW HITPOINT WARNING * * *
Rupert burns you.
* * * LOW HITPOINT WARNING * * *
Rupert hits you with an executioner's axe of flaming!!
You die...
Your body crumbles into a pile of gold.

#.#P #P... #### ..... #
#....# # ......# #####
## .......## ##.#.# #.
P...#...# ###...#####
.......@### ##.#.....###
#......@..###...........
........................
.........###....#.......
####...### ##.P##.......
#.... ######.....# #.###
####### ##


You could see Rupert (berserk).

Vanquished Creatures
  A hydra (D:8)
  3 komodo dragons
  A rime drake (Lair:2)
  A jumping spider (Lair:2)
  3 blink frogs (Lair:2)
  4 hippogriffs
  Sigmund (D:2)
  30 yaks
  A hungry ghost (D:9)
  A basilisk (Lair:3)
  6 porcupines
  9 water moccasins
  2 ice beasts (D:7)
  A black bear (D:8)
  3 sky beasts
  An eye of draining (D:9)
  A phantom (D:7)
  3 ogres
  5 wolves (Lair:2)
  5 centaurs
  7 crocodiles
  A big kobold (D:10)
  14 bullfrogs
  4 scorpions
  A water moccasin skeleton (D:7)
  4 wights (D:7)
  2 howler monkeys (D:8)
  An electric eel (Lair:3)
  3 crimson imps
  2 hounds
  A centaur skeleton (D:10)
  A jelly (D:6)
  5 orc wizards
  3 orc priests
  3 iguanas
  4 worker ants
  10 adders
  An adder zombie (D:9)
  An adder skeleton (D:9)
  3 worms
  8 leopard geckos
  22 orcs
  A giant cockroach (D:4)
  9 goblins
  7 hobgoblins
  13 jackals
  A quokka (D:2)
  A ball python (D:4)
  4 bats
  4 frilled lizards
  8 kobolds
  5 rats
236 creatures vanquished.

Vanquished Creatures (others)
  2 fungi (Lair:2)
  A plant (Lair:2)
3 creatures vanquished.

Grand Total: 239 creatures vanquished

Notes
Turn   | Place    | Note
-------+----------+-------------------------------------------
     0 | D:1      | sking99 the Minotaur Fighter began the quest for the Orb.
     0 | D:1      | Reached XP level 1. HP: 19/19 MP: 0/0
   162 | D:1      | Reached skill level 3 in Axes
   296 | D:1      | Reached XP level 2. HP: 27/27 MP: 1/1
   695 | D:1      | You fall through a shaft!
   705 | D:2      | Reached XP level 3. HP: 32/33 MP: 2/2
   851 | D:2      | Noticed Sigmund
   865 | D:2      | Reached skill level 4 in Axes
   872 | D:2      | Killed Sigmund
   872 | D:2      | Reached skill level 5 in Fighting
   872 | D:2      | Reached skill level 5 in Axes
   872 | D:2      | Reached XP level 4. HP: 5/42 MP: 3/3
   872 | D:2      | Reached XP level 5. HP: 6/48 MP: 4/4
  1427 | D:2      | Reached skill level 6 in Axes
  1728 | D:3      | Reached XP level 6. HP: 16/56 MP: 5/5
  2084 | D:3      | Found a sparkling altar of Nemelex Xobeh.
  2568 | D:3      | Reached skill level 7 in Axes
  2695 | D:4      | Found an opulent altar of Gozag.
  2718 | D:4      | Became a worshipper of Gozag Ym Sagoz the Greedy
  2845 | D:4      | Reached XP level 7. HP: 63/63 MP: 6/6
  2846 | D:4      | Found Xeadd's Weapon Shop.
  2850 | D:4      | Found Ycietz's Distillery.
  2850 | D:4      | Found Qygiul's Food Shop.
  2854 | D:4      | Found Dunul's Antique Weapon Shop.
  2906 | D:4      | Bought a ration for 65 gold pieces
  2906 | D:4      | Bought a ration for 65 gold pieces
  3181 | D:4      | Reached skill level 8 in Axes
  3455 | D:4      | Got a blackened rapier
  3456 | D:4      | Identified the +8 rapier "Gosmunoa" {flame, MR- Int+7 SInv Stlth+} (You found it on level 4 of the Dungeon)
  3513 | D:5      | Entered Level 5 of the Dungeon
  3677 | D:5      | Found a staircase to the Ecumenical Temple.
  3762 | D:5      | Found a runed door.
  3767 | D:5      | Noticed wellist's ghost (novice HOFi)
  3790 | D:5      | Found a runed door.
  3943 | D:5      | Found a shadowy altar of Dithmenos.
  4079 | D:5      | Reached skill level 9 in Axes
  4753 | D:6      | Reached XP level 8. HP: 67/73 MP: 7/7
  5560 | D:7      | Reached skill level 10 in Axes
  5753 | D:7      | Found a hazy altar of Hepliaklqana.
  5846 | D:7      | Reached skill level 11 in Axes
  5909 | D:7      | Found a sparkling altar of Nemelex Xobeh.
  6286 | D:7      | Reached XP level 9. HP: 83/83 MP: 8/8
  6488 | D:8      | Found a staircase to the Lair.
  6703 | D:8      | Found Hoafuere's Jewellery Shoppe.
  6746 | D:8      | Reached skill level 12 in Axes
  6969 | D:8      | Reached skill level 10 in Fighting
  6976 | D:8      | Reached skill level 13 in Axes
  7747 | D:8      | Identified a scroll of acquirement
  8071 | D:9      | Found a shadowy altar of Dithmenos.
  8071 | D:9      | Found an ancient bone altar of Kikubaaqudgha.
  8071 | D:9      | Found a snail-covered altar of Cheibriados.
  8073 | D:9      | Found a radiant altar of Vehumet.
  8100 | D:9      | Reached XP level 10. HP: 94/94 MP: 0/9
  9248 | D:10     | Entered Level 10 of the Dungeon
  9534 | D:10     | Reached skill level 14 in Axes
 10249 | D:11     | Noticed a gargoyle
 10318 | Lair:1   | Entered Level 1 of the Lair of Beasts
 10319 | Lair:1   | Noticed a six-headed hydra
 11071 | D:8      | Killed a six-headed hydra
 11071 | D:8      | Reached skill level 1 in Dodging
 11266 | Lair:1   | Reached skill level 15 in Axes
 11428 | Lair:1   | Reached skill level 5 in Armour
 11755 | Lair:1   | Reached XP level 11. HP: 102/102 MP: 10/10
 11961 | Lair:1   | Found a runed door.
 12403 | Lair:1   | Noticed Gomp's ghost (journeyman OpFi)
 12573 | Lair:2   | Noticed Sonja
 12753 | Lair:2   | Reached skill level 16 in Axes
 12759 | Lair:2   | Reached skill level 5 in Dodging
 13375 | Lair:2   | Found a hole to the Spider Nest.
 14409 | Lair:3   | Noticed Rupert
 14410 | Lair:3   | Paralysed by Rupert for 4 turns
 14419 | Lair:3   | Paralysed by Rupert for 7 turns
 14426 | Lair:3   | Slain by Rupert

Vault maps used:
D:1:      evilmike_arrival_crescent
D:2:      uniq_sigmund
D:3:      lemuel_doored_altar
D:4:      first_ration, minmay_shop_grid_forest, grunt_gozag_statues
D:5:      temple_hall, ebering_ghost_sewer_f, nicolae_dithmenos_the_darkroom
D:7:      lemuel_round_altar, nemelex_spade_bored_becter
D:8:      dpeg_oklobed_lair, serial_shops, shop, grunt_ogre_cave
D:9:      chequers_temple_overflow_statue_of_worship
D:11:     david_orc_4, uniq_erica, uniq_fannar
Lair:1:   ebering_ghost_reflecting_pool, nicolae_quartered_pool_little,
          grunt_megastairs_1
Lair:2:   spider_nest_entry_rubble, uniq_sonja
Lair:3:   swamp_mist, serial_bayou_pond_b, uniq_rupert

Skill      XL: |  1  2  3  4  5  6  7  8  9 10 11 |
---------------+----------------------------------+-----
Axes           | 3 5 6 7 9 11 13 15 16 | 16.0
Fighting       | 4 5 6 7 9 10 11 | 11.2
Armour         | 5 8 |  8.9
Dodging        | 3 7 |  7.3
Shields        | |  3.6

Action                   |  1- 3 |  4- 6 |  7- 9 | 10-12 || total
-------------------------+-------+-------+-------+-------++-------
Melee: War axe           |    62 |   147 |   249 |   373 ||   831
       Headbutt          |     8 |    29 |    58 |   101 ||   196
       Rapier            |       |       |       |     4 ||     4
Invok: Potion Petition   |       |       |     1 |     1 ||     2
  Use: Potion            |     4 |       |       |     2 ||     6
       Scroll            |       |     6 |     5 |     7 ||    18
 Stab: Invisible         |       |       |     1 |       ||     1
       Distracted        |       |       |     1 |       ||     1
  Eat: Chunk             |       |     6 |     1 |       ||     7
       Ration            |       |       |     6 |     7 ||    13
Armor: Scale mail        |    15 |       |       |       ||    15
       Plate armour      |    38 |    83 |    96 |   130 ||   347
Dodge: Dodged            |    13 |    11 |    30 |    56 ||   110
Block: Shield            |    40 |    53 |    87 |   131 ||   311

Table legend:
 A = Spawn XP
 B = Non-spawn XP
 C = Spawn XP percentage of total XP
 D = Spawn monster count
 E = Non-spawn monster count
 F = Spawn count percentage of total count
 G = Total turns spent on level
                    A         B        C        D         E        F      G
               +---------+---------+-------+---------+---------+-------+---------
         Total |       0 |   19802 |   0.0 |       0 |     236 |   0.0 | 14426
               +---------+---------+-------+---------+---------+-------+---------
           D:1 |       0 |      34 |   0.0 |       0 |      19 |   0.0 |   764
           D:2 |       0 |     268 |   0.0 |       0 |      20 |   0.0 |   831
           D:3 |       0 |     325 |   0.0 |       0 |      33 |   0.0 |  1084
           D:4 |       0 |     269 |   0.0 |       0 |      21 |   0.0 |   993
           D:5 |       0 |     495 |   0.0 |       0 |       6 |   0.0 |  1196
           D:6 |       0 |     281 |   0.0 |       0 |       6 |   0.0 |  1045
           D:7 |       0 |    1227 |   0.0 |       0 |      15 |   0.0 |  1242
           D:8 |       0 |    3137 |   0.0 |       0 |      20 |   0.0 |  1583
           D:9 |       0 |     787 |   0.0 |       0 |      14 |   0.0 |  1436
          D:10 |       0 |    1735 |   0.0 |       0 |      16 |   0.0 |   997
        Lair:1 |       0 |    5142 |   0.0 |       0 |      30 |   0.0 |  1491
        Lair:2 |       0 |    4977 |   0.0 |       0 |      31 |   0.0 |  1391
        Lair:3 |       0 |    1125 |   0.0 |       0 |       5 |   0.0 |   349
               +---------+---------+-------+---------+---------+-------+---------
